[Event "Team 45 45 League T30"]
[Site "Internet Chess Club"]
[Date "2006.03.26"]
[Round "1"]
[White "sdcohle"]
[Black "BooRadley"]
[Result "1-0"]
[WhiteElo "1384"]
[BlackElo "1292"]
[TimeControl "2700+45"]

1. d4 Nf6 2. Nf3 g6 3. Nbd2 Bg7 4. b3 d6 5. Bb2 O-O 6. g3 d5 7. Bg2 b6 8. O-O c5
9. e3 a5 10. dxc5 bxc5 11. c4 Ba6 12. Re1 Nc6 13. Ne5 Rc8 14. cxd5 Nxd5 15. Nxc6
Rxc6 16. Bxg7 Kxg7 17. Nf1 Rd6 18. Qc2 Qb6 19. Rad1 Rfd8 20. Nd2 Nb4 21. Qb2+ f6
22. Nc4 Bxc4 23. Rxd6 Rxd6 24. bxc4 Qd8 25. Qb3 Qd7 26. Bf3 Rd3 27. Qb1 Rd2 28.
Rd1 Rxd1+ 29. Bxd1 Qd2 30. Bb3 Nd3 31. Qf1 Nc1 32. Qh3 Nxb3 33. axb3 Qb4 34. Qe6
Qxb3 35. Qxe7+ Kh6 36. Qxc5 a4 37. Qb5 Qd1+ 38. Kg2 a3 39. Qc5 g5 40. Qxa3 g4
41. e4 Qd4 42. Qe3+ Qxe3 43. fxe3 {Black resigns} 1-0  aics%

[Event "Team 45 45 League T30"]
[Site "Internet Chess Club"]
[Date "2006.03.26"]
[Round "1"]
[White "JimGaming"]
[Black "PLB43"]
[Result "0-1"]
[WhiteElo "1296"]
[BlackElo "1408"]
[TimeControl "2700+45"]

1. e4 e5 2. Nf3 Nc6 3. Bb5 d6 4. c4 Bd7 5. d3 Qe7 6. Nc3 Nf6 7. Be3 a6 8. Ba4
O-O-O 9. a3 Ng4 10. O-O h5 11. Bg5 f6 12. Bc1 g5 13. h3 Nh6 14. d4 g4 15. Nd5
Qg7 16. Nh4 gxh3 17. g3 Ng4 18. Nf5 Bxf5 19. exf5 Nxd4 20. f4 Nxf5 21. Qf3 Nh4
22. gxh4 Ne3+ 23. Kf2 Nxf1 24. Kxf1 Rg8 25. Be3 exf4 26. Qxh3+ Kb8 27. Nxf4 Qf7
28. Ne6 Be7 29. Nxd8 Qxc4+ 30. Kf2 Rxd8 31. Bb3 Qb5 32. Rg1 d5 33. Rc1 d4 34.
Bf4 Bd6 35. Bxd6 Rxd6 36. Qg3 Qb6 37. Qd3 f5 38. Rc4 c5 39. Ke2 Re6+ 40. Kd2
Qa5+ 41. Kc2 Re3 42. Qd2 Qxd2+ 43. Kb1 Rxb3 44. Rc2 Qd3 45. Kc1 Qf1+ 46. Kd2
Rd3# {White checkmated} 0-1  aics%

[Event "Team 45 45 League T30"]
[Site "Internet Chess Club"]
[Date "2006.03.26"]
[Round "1"]
[White "nodakindy"]
[Black "Hastings"]
[Result "0-1"]
[WhiteElo "1195"]
[BlackElo "1271"]
[TimeControl "2700+45"]

1. d4 Nf6 2. Nf3 g6 3. e3 Bg7 4. c4 c5 5. d5 d6 6. Nc3 O-O 7. Be2 a6 8. b3 Nxd5
9. O-O Nxc3 10. Qc2 Nxe2+ 11. Qxe2 Bxa1 12. Bb2 Bxb2 13. Qxb2 b5 14. Nd2 Be6 15.
e4 Nd7 16. f4 Nb6 17. Qc3 bxc4 18. f5 gxf5 19. Qg3+ Kh8 20. exf5 Rg8 21. Qc3+ f6
22. fxe6 cxb3 23. axb3 Qf8 24. Qh3 Qg7 25. g3 Nd5 26. Nc4 Qg4 27. Qh6 Rab8 28.
Na5 Qg5 29. Qh3 Nf4 30. Rxf4 Qxf4 31. Nc6 Qe3+ 32. Kf1 Qf3+ {White resigns} 0-1 
aics%

[Event "Team 45 45 League T30"]
[Site "Internet Chess Club"]
[Date "2006.03.25"]
[Round "1"]
[White "Cataclysm"]
[Black "carolinaknight"]
[Result "1-0"]
[WhiteElo "1114"]
[BlackElo "1193"]
[TimeControl "2700+45"]

1. e4 e6 2. d3 d5 3. Nd2 c5 4. Ngf3 Nc6 5. g3 Nf6 6. Bg2 Be7 7. O-O O-O 8. Re1
b6 9. e5 Ng4 10. Nf1 Nd4 11. Nxd4 f5 12. Nc6 Qc7 13. Nxe7+ Qxe7 14. h3 Nxf2 15.
Kxf2 Qf7 16. Bf4 Bb7 17. Kg1 h6 18. h4 Rad8 19. Nh2 Ba6 20. h5 Qc7 21. g4 c4 22.
Re3 g5 23. Bxg5 hxg5 24. Qe2 f4 25. Rh3 Qc5+ 26. Kh1 Qb4 27. Rb1 Qa5 28. a3 Rd7
29. Nf3 Rg7 30. h6 Rh7 31. Nxg5 Rh8 32. Nxe6 Re8 33. Nxf4 Bb7 34. g5 Re7 35. Ng6
d4 36. Nxe7+ Kh7 37. g6# {Black checkmated} 1-0  aics%

[Event "Team 45 45 League T30"]
[Site "Internet Chess Club"]
[Date "2006.03.26"]
[Round "1"]
[White "Smart"]
[Black "Kaseirovski"]
[Result "0-1"]
[WhiteElo "1576"]
[BlackElo "1686"]
[TimeControl "2700+45"]

1. e4 d6 2. d4 Nf6 3. Nc3 g6 4. f4 Bg7 5. Nf3 c5 6. Bb5+ Bd7 7. e5 Ng4 8. e6
Bxb5 9. exf7+ Kd7 10. Nxb5 Qa5+ 11. Nc3 cxd4 12. Nxd4 Bxd4 13. Qxd4 Nc6 14. Qc4
Qb6 15. Qe2 h5 16. Bd2 Rhf8 17. h3 Nh6 18. O-O-O Nf5 19. Be1 Qe3+ 20. Rd2 Qxe2
21. Nxe2 Rxf7 22. Bf2 Rc8 23. Nc3 b6 24. Rhd1 h4 25. Nd5 Nd8 26. Ne3 Nxe3 27.
Bxe3 Ne6 28. Rf2 Rcf8 29. Rdf1 d5 30. c3 Nc5 31. Bxc5 bxc5 32. Kd2 e5 33. Ke3
Ke6 34. fxe5 Rxf2 35. Rxf2 Rxf2 36. Kxf2 Kxe5 37. b4 cxb4 38. cxb4 Kd4 39. a3
Kc3 40. Ke3 d4+ 41. Ke2 Kc2 42. a4 d3+ 43. Kf3 d2 44. Kg4 d1=Q+ 45. Kxh4 Kb3 46.
g3 Qh5# {White checkmated} 0-1  aics% 



luthientinuviel(71): igual digo XD
aics%

[Event "ICC 45 45"]
[Site "Internet Chess Club"]
[Date "2006.03.30"]
[Round "1"]
[White "tryanything"]
[Black "QuaqQuao"]
[Result "1-0"]
[WhiteElo "1549"]
[BlackElo "1562"]
[TimeControl "2700+45"]

1. e4 d5 2. exd5 Qxd5 3. Nc3 Qd6 4. d4 Nf6 5. Nf3 a6 6. Bc4 b5 7. Bb3 Bb7 8. O-O
Nbd7 9. Re1 e6 10. d5 c5 11. dxc6 Qxc6 12. Bf4 Be7 13. Ne2 Qe4 14. Qd4 Bc5 15.
Qxe4 Nxe4 16. Ned4 O-O 17. Be3 Rfe8 18. Rad1 Rac8 19. Nxe6 fxe6 20. Rxd7 Bc6 21.
Rdd1 h6 22. Ne5 Bxe3 23. Rxe3 Nc5 24. Nxc6 Rxc6 25. Rc3 Kh7 26. g3 Rec8 27. Rd2
a5 28. a3 Kg6 29. f4 Kf5 30. Kg2 h5 31. Kf3 Ne4 32. Bxe6+ Rxe6 33. Rd5+ Kf6 34.
Rxc8 g6 35. Rd7 g5 36. Rf8+ Kg6 37. f5+ {Black resigns} 1-0  aics%

[Event "Team 45 45 League T30"]
[Site "Internet Chess Club"]
[Date "2006.03.24"]
[Round "1"]
[White "Creecher"]
[Black "Fineas-Fogg"]
[Result "1-0"]
[WhiteElo "1589"]
[BlackElo "1432"]
[TimeControl "2700+45"]

1. d4 Nf6 2. c4 c5 3. d5 b5 4. cxb5 a6 5. bxa6 Bxa6 6. Nc3 g6 7. Nf3 Bg7 8. g3
O-O 9. Bg2 d6 10. O-O Nbd7 11. Qc2 Nb6 12. Rd1 Re8 13. Bf4 Bb7 14. e4 Nfd7 15.
a3 Qb8 16. Bh3 Ba6 17. Rab1 Qb7 18. Qb3 Bc4 19. Qc2 Ne5 20. Bxe5 Bxe5 21. Nxe5
dxe5 22. b3 Bb5 23. Nxb5 Reb8 24. a4 c4 25. bxc4 Rxa4 26. Ra1 Rxc4 27. Qd3 Ra4
28. Rxa4 Nxa4 29. Rb1 Nc5 30. Qc2 Qb6 31. Na3 Qa7 32. Rxb8+ Qxb8 33. Qxc5 Qb3
34. Qxe7 Qd1+ 35. Kg2 Qd4 36. Bg4 Qxe4+ 37. Bf3 Qd4 {Black resigns} 1-0  aics% 
backfire(345): games? aics%

[Event "Team 45 45 League T30"]
[Site "Internet Chess Club"]
[Date "2006.03.23"]
[Round "1"]
[White "qs16"]
[Black "twinders"]
[Result "1-0"]
[WhiteElo "1741"]
[BlackElo "1717"]
[TimeControl "2700+45"]

1. e4 c5 2. Nf3 d6 3. Bc4 Nf6 4. Nc3 Bg4 5. O-O Nbd7 6. h3 Bh5 7. Re1 a6 8. a4
Ne5 9. Be2 Nxf3+ 10. Bxf3 Bxf3 11. Qxf3 Qc7 12. Nd5 Nxd5 13. exd5 g6 14. d3 Bg7
15. Bg5 f6 16. Bxf6 O-O 17. Rxe7 Qxe7 18. Bxe7 Rxf3 19. gxf3 Be5 20. c3 Re8 21.
Bg5 Rf8 22. Kg2 Kg7 23. Rd1 Rf5 24. Be3 Bf6 25. c4 Bd4 26. Bxd4+ cxd4 27. Re1
Re5 28. Rxe5 dxe5 29. b4 Kf6 30. c5 Ke7 31. Kg3 h6 32. Kg4 Kd7 33. h4 Kc7 34. h5
gxh5+ 35. Kxh5 b6 36. Kxh6 bxc5 37. bxc5 a5 38. Kg6 e4 39. fxe4 Kd7 40. Kf7 Kd8
41. e5 Kd7 42. e6+ Kd8 43. e7+ Kc7 44. e8=Q Kb7 45. d6 Ka6 46. d7 Kb7 47. d8=Q
Ka6 48. c6 Ka7 49. c7 Kb6 50. c8=Q+ Ka7 51. Qa8# {Black checkmated} 1-0  aics% 
brisademar(71): huu q bien em alegro mucho aics%

[Event "Team 45 45 League T30"]
[Site "Internet Chess Club"]
[Date "2006.03.23"]
[Round "1"]
[White "Aquaman"]
[Black "MPknight"]
[Result "1/2-1/2"]
[WhiteElo "1577"]
[BlackElo "1575"]
[TimeControl "2700+45"]

1. c4 c5 2. Nc3 Nf6 3. Nf3 e6 4. e4 d6 5. g3 Nc6 6. a3 Be7 7. Bg2 O-O 8. O-O e5
9. d3 Nd4 10. Nxd4 cxd4 11. Nd5 Nxd5 12. cxd5 Bd7 13. f4 f5 14. b4 fxe4 15. Bxe4
Bf5 16. Qe1 Bxe4 17. Qxe4 Bf6 18. fxe5 dxe5 19. a4 Re8 20. b5 b6 21. Ba3 Rc8 22.
d6 Qd7 23. Qd5+ Kh8 24. Rac1 h6 25. Rxc8 Rxc8 26. Rc1 Rxc1+ 27. Bxc1 Be7 28.
Qa8+ Qd8 29. Qxd8+ Bxd8 30. Ba3 Kg8 31. Kf2 Kf7 32. Kf3 Ke6 33. d7 Kxd7 34. Ke4
Ke6 35. g4 g6 36. h3 {Game drawn by mutual agreement} 1/2-1/2  aics% 




   **ANNOUNCEMENT** from ROBOadmin: *** GRANDMASTER versus GRANDMASTER!!  GM K-Georgiev is playing GM Dlugy!  Type "observe K-Georgiev" to watch the rated blitz 3 0 game.

aics%

[Event "ICC 45 45"]
[Site "Internet Chess Club"]
[Date "2006.03.26"]
[Round "1"]
[White "john-beebs"]
[Black "Kingsindanger"]
[Result "1/2-1/2"]
[WhiteElo "1577"]
[BlackElo "1389"]
[TimeControl "2700+45"]

1. e4 e6 2. d4 d5 3. Nc3 Bb4 4. exd5 exd5 5. Bd2 Nc6 6. Bb5 Bxc3 7. Bxc6+ bxc6
8. Bxc3 Nf6 9. Nf3 Ba6 10. Ne5 Qe7 11. a3 O-O 12. Bb4 c5 13. Bxc5 Qe6 14. Bxf8
Kxf8 15. Qd2 Ne4 16. Qe3 Re8 17. O-O-O f6 18. f4 fxe5 19. fxe5 Kg8 20. Qb3 Nf2
21. Qc3 Nxd1 22. Rxd1 Re7 23. Qb4 c6 24. Rd2 Rf7 25. b3 h6 26. Qa5 Bf1 27. Kb2
Kh7 28. g3 Bh3 29. Rd3 Bf5 30. Rc3 Kg6 31. Qa6 Rc7 32. b4 Qe8 33. b5 Bd7 34. Rc5
Kf5 35. b6 axb6 36. Qxb6 Qc8 37. Ka2 Rb7 38. Qa5 Qb8 39. Qc3 Rb6 40. Qf3+ Kg6
41. Qd3+ Bf5 42. Qc3 Bd7 43. Qd3+ Bf5 44. Qc3 {Game drawn by mutual agreement}
1/2-1/2  aics%

[Event "Team 45 45 League T30"]
[Site "Internet Chess Club"]
[Date "2006.03.27"]
[Round "1"]
[White "PawnSensei"]
[Black "BraafPaard"]
[Result "1-0"]
[WhiteElo "1365"]
[BlackElo "1491"]
[TimeControl "2700+45"]

1. e4 e5 2. Nf3 Nc6 3. d4 exd4 4. Nxd4 h6 5. Bc4 Qf6 6. Be3 a6 7. O-O Ne5 8. Bb3
c5 9. Nf5 c4 10. f4 cxb3 11. axb3 Nc6 12. Nc3 Nge7 13. Nd6+ {Black resigns} 1-0 
aics%

[Event "Team 45 45 League T30"]
[Site "Internet Chess Club"]
[Date "2006.03.23"]
[Round "1"]
[White "Chessnut"]
[Black "parrot9"]
[Result "1-0"]
[WhiteElo "1755"]
[BlackElo "1743"]
[TimeControl "2700+45"]

1. e4 c5 2. Nf3 d6 3. d4 cxd4 4. Nxd4 Nf6 5. Nc3 a6 6. Be3 b5 7. f3 Bb7 8. Qd2
e6 9. g4 Be7 10. O-O-O Nc6 11. g5 Nd7 12. h4 Nde5 13. f4 Nc4 14. Bxc4 bxc4 15.
Nxc6 Bxc6 16. Qd4 O-O 17. h5 f6 18. h6 Rf7 19. g6 hxg6 20. Rdg1 Qa5 21. Rxg6 d5
22. hxg7 Rxg7 23. Rxg7+ Kxg7 24. Qd1 Rg8 25. Qg4+ Kf8 26. Qxe6 Be8 27. Nxd5 Bc5
28. Bxc5+ Qxc5 29. Qxf6+ Bf7 30. Qh6+ Rg7 31. f5 Bxd5 32. f6 Bxe4 33. Qxg7+ Ke8
34. Rh8+ {Black resigns} 1-0

[Event "Team 45 45 League T30"]
[Site "Internet Chess Club"]
[Date "2006.03.23"]
[Round "1"]
[White "Mikey29a"]
[Black "RingLord"]
[Result "1-0"]
[WhiteElo "1661"]
[BlackElo "1677"]
[TimeControl "2700+45"]

1. e4 c5 2. Nf3 e6 3. d4 cxd4 4. Nxd4 Nf6 5. Nc3 d6 6. Be3 Be7 7. Qd2 Ng4 8. f4
e5 9. fxe5 dxe5 10. Nf3 Nxe3 11. Qxe3 Nc6 12. Nd5 Qa5+ 13. c3 O-O 14. Nxe5 Bc5
15. Qg3 Nxe5 16. Qxe5 Be6 17. Bc4 Bxd5 18. Bxd5 Qb6 19. O-O-O a5 20. Rhf1 a4 21.
Rxf7 Rxf7 22. Bxf7+ Kxf7 23. Rd7+ Kg8 24. Qxg7# {Black checkmated} 1-0  aics% 
Lipsome123(340): good job Mikey aics%

[Event "Team 45 45 League T30"]
[Site "Internet Chess Club"]
[Date "2006.03.27"]
[Round "1"]
[White "jacknor"]
[Black "twintower"]
[Result "0-1"]
[WhiteElo "1535"]
[BlackElo "1592"]
[TimeControl "2700+45"]

1. d4 e6 2. Nf3 Nf6 3. Bg5 c5 4. e3 cxd4 5. exd4 Nc6 6. c3 Be7 7. Bd3 d6 8. Nbd2
Nd5 9. Bxe7 Qxe7 10. O-O O-O 11. Rc1 Nf4 12. Bb1 e5 13. Re1 Bg4 14. Qc2 f5 15.
dxe5 dxe5 16. Kh1 Qf6 17. Ng1 e4 18. f3 Nd3 19. fxg4 Nf2# {White checkmated} 0-1
 aics%

[Event "Team 45 45 League T30"]
[Site "Internet Chess Club"]
[Date "2006.03.23"]
[Round "1"]
[White "boozehound"]
[Black "EyeAm"]
[Result "1-0"]
[WhiteElo "1628"]
[BlackElo "1305"]
[TimeControl "2700+45"]

1. e4 e5 2. Nf3 Nf6 3. Nxe5 d6 4. Nf3 Nxe4 5. Nc3 Nxc3 6. dxc3 Be7 7. Bf4 O-O 8.
Qd2 Nc6 9. O-O-O Bg4 10. Bd3 Ne5 11. Bxe5 dxe5 12. Qe3 Qc8 13. h3 Be6 14. Kb1 f6
15. g4 b6 16. Nh4 Bc5 17. Qe4 f5 18. gxf5 Bxf5 19. Nxf5 Rxf5 20. Qxf5 Qxf5 21.
Bxf5 Bxf2 22. Be6+ Kf8 23. Rhf1 {Black resigns} 1-0  aics%

[Event "Team 45 45 League T30"]
[Site "Internet Chess Club"]
[Date "2006.03.26"]
[Round "1"]
[White "smitty120"]
[Black "Wheels"]
[Result "1-0"]
[WhiteElo "1703"]
[BlackElo "1579"]
[TimeControl "2700+45"]

1. e4 e5 2. Nf3 Nc6 3. Bc4 Bc5 4. c3 Nf6 5. d4 exd4 6. cxd4 Bb4+ 7. Bd2 Bxd2+ 8.
Nbxd2 d5 9. exd5 Nxd5 10. O-O O-O 11. Re1 Bg4 12. Qb3 Nb6 13. Re4 Bxf3 14. Qxf3
Nxd4 15. Qc3 Nc6 16. Rg4 g6 17. Ne4 Nxc4 18. Nf6+ Kg7 19. Nh5+ Kh6 20. Rxc4 gxh5
21. h4 Rg8 22. b4 Qd5 23. Qe3+ Kg7 24. Rc5 Qe6 25. Qc3+ Kf8 26. Re1 Qg4 27. g3
Qxb4 28. Rxc6 Qxc3 29. Rxc3 c6 30. Rb1 Rb8 31. Rc5 Rg6 32. Rxh5 Kg7 33. Ra5 Rd6
34. Rxa7 Rd2 35. a4 Ra2 36. a5 Kf6 37. a6 b5 38. Rc1 Rb6 39. Kf1 Raxa6 40. Rxa6
Rxa6 41. Ke2 Ke5 42. f4+ Kd5 43. Rd1+ Ke6 44. g4 Ra7 45. Kf3 c5 46. f5+ Ke5 47.
Re1+ Kf6 48. Rf1 b4 49. Ke2 Ke5 50. Kd3 Kd5 51. g5 c4+ 52. Kc2 Ra2+ 53. Kb1 Rd2
54. h5 Rg2 55. g6 hxg6 56. hxg6 fxg6 57. f6 Ke6 58. f7 b3 59. f8=Q c3 60. Qf7+
Ke5 61. Qxb3 c2+ 62. Kc1 {Black resigns} 1-0  aics%  silvita10(71): y cancelar
aics%

[Event "Team 45 45 League T30"]
[Site "Internet Chess Club"]
[Date "2006.03.26"]
[Round "1"]
[White "GoIrish"]
[Black "MrLee"]
[Result "0-1"]
[WhiteElo "1617"]
[BlackElo "1771"]
[TimeControl "2700+45"]

1. e4 e5 2. f4 Bc5 3. Nf3 d6 4. f5 Nf6 5. Nc3 Nc6 6. h3 a6 7. Bc4 b5 8. Bb3 b4
9. Nd5 Nxe4 10. d3 Nf2 11. Qe2 Nxh1 12. Bg5 f6 13. Bh4 Bxf5 14. g4 g5 15. gxf5
gxh4 16. O-O-O Ng3 17. Qh2 Nxf5 18. Ba4 Kd7 19. Nd2 Be3 20. Nxe3 Nxe3 21. Qe2
Nxd1 22. Qe4 d5 23. Qxd5+ Ke7 24. Qxc6 Nxb2 {White resigns} 0-1  aics%

[Event "Team 45 45 League T30"]
[Site "Internet Chess Club"]
[Date "2006.03.25"]
[Round "1"]
[White "BorgCollective"]
[Black "fredd"]
[Result "1-0"]
[WhiteElo "1781"]
[BlackElo "1611"]
[TimeControl "2700+45"]

1. f4 d6 2. Nf3 Nf6 3. e3 Nc6 4. Bb5 a6 5. Bxc6+ bxc6 6. d3 d5 7. O-O c5 8. b3
Bb7 9. Bb2 g6 10. Qe1 Bg7 11. Nbd2 Nh5 12. Bxg7 Nxg7 13. Qf2 f6 14. Rad1 a5 15.
c4 a4 16. bxa4 Rxa4 17. Nb3 Qd6 18. e4 d4 19. e5 Qc6 20. exf6 exf6 21. Rde1+ Kd8
22. Re2 Re8 23. Rxe8+ Nxe8 24. Rb1 Rb4 25. Qh4 Qe6 26. Re1 Qg8 27. Nxc5 Bxf3 28.
gxf3 g5 29. Qg4 h5 30. Qd7# {Black checkmated} 1-0  aics%

[Event "Team 45 45 League T30"]
[Site "Internet Chess Club"]
[Date "2006.03.26"]
[Round "1"]
[White "Zyme"]
[Black "BartL"]
[Result "0-1"]
[WhiteElo "1503"]
[BlackElo "1562"]
[TimeControl "2700+45"]

1. d4 d5 2. c4 c6 3. Nf3 Nf6 4. Nc3 e6 5. e3 Nbd7 6. Bd3 dxc4 7. Bxc4 b5 8. Bd3
Bb7 9. e4 b4 10. Na4 c5 11. e5 Nd5 12. O-O cxd4 13. Re1 Be7 14. Nxd4 O-O 15. Qh5
g6 16. Qh6 Re8 17. Nxe6 fxe6 18. Bxg6 Nf8 19. Bxe8 Qxe8 20. Re4 Ng6 21. Rg4 Bf8
22. Qh3 Qxa4 23. Rxg6+ hxg6 24. Qxe6+ Kg7 25. Qd7+ Qxd7 {White resigns} 0-1 
aics%

[Event "Team 45 45 League T30"]
[Site "Internet Chess Club"]
[Date "2006.03.27"]
[Round "1"]
[White "camembert"]
[Black "Loco-Motif"]
[Result "1-0"]
[WhiteElo "1902"]
[BlackElo "1946"]
[TimeControl "2700+45"]

1. d4 d5 2. c4 c6 3. cxd5 cxd5 4. Nc3 Nc6 5. Bf4 Nf6 6. e3 Qb6 7. a3 a6 8. Bd3
Bg4 9. f3 Bh5 10. g4 Bg6 11. Bxg6 hxg6 12. Nge2 e6 13. Kf2 Nd7 14. h4 Be7 15. h5
gxh5 16. gxh5 Qd8 17. Qg1 Bh4+ 18. Kf1 Bf6 19. h6 g5 20. Bd6 Nb6 21. Bg3 Nc4 22.
b3 Nd6 23. Ke1 Nf5 24. Bf2 Nh4 25. Bxh4 gxh4 26. h7 Kd7 27. e4 dxe4 28. fxe4 Qb6
29. Na4 Qa5+ 30. Nec3 Nxd4 31. Rd1 e5 32. b4 Qc7 33. Nc5+ Ke7 34. Nd5+ Kf8 35.
Qg8+ Rxg8 36. hxg8=Q+ Kxg8 37. Nxc7 Rc8 38. Nd5 Bg5 39. Rxd4 exd4 40. Rg1 f6 41.
Ne7+ Kf7 42. Nxc8 Kg6 43. Ne6 Kh5 44. Nxg5 fxg5 45. e5 g4 46. e6 h3 47. e7 h2
48. e8=Q+ Kh4 49. Qh8+ Kg5 50. Qxh2 a5 51. Qe5+ Kh4 52. Rh1# {Black checkmated}
1-0  aics%

[Event "Team 45 45 League T30"]
[Site "Internet Chess Club"]
[Date "2006.03.25"]
[Round "1"]
[White "gule"]
[Black "Stav"]
[Result "1-0"]
[WhiteElo "1901"]
[BlackElo "1790"]
[TimeControl "2700+45"]

1. d4 Nf6 2. c4 c5 3. dxc5 Qa5+ 4. Nc3 Qxc5 5. Nf3 e6 6. e3 b6 7. a3 Bb7 8. Be2
Be7 9. b4 Qc7 10. Bb2 a6 11. O-O d6 12. Nd4 Nc6 13. Bf3 Rc8 14. Rc1 O-O 15. Ne4
Qb8 16. Nxf6+ gxf6 17. Nxc6 Bxc6 18. Bxc6 Rxc6 19. Qf3 Qc7 20. c5 bxc5 21. Rc4
d5 22. Rg4+ Kh8 23. Bxf6+ {Black resigns} 1-0  aics%

[Event "Team 45 45 League T30"]
[Site "Internet Chess Club"]
[Date "2006.03.27"]
[Round "1"]
[White "RD1974"]
[Black "Budzo"]
[Result "0-1"]
[WhiteElo "1670"]
[BlackElo "1748"]
[TimeControl "2700+45"]

1. e4 e6 2. d3 d5 3. Nd2 Nf6 4. Ngf3 c5 5. g3 Nc6 6. Bg2 Be7 7. O-O O-O 8. c3 b6
9. h4 Bb7 10. Re1 Rc8 11. e5 Nd7 12. a3 Qc7 13. Qe2 d4 14. Ne4 Ncxe5 15. Nxe5
Nxe5 16. Bf4 f6 17. Nxf6+ gxf6 18. Bxe5 fxe5 19. Qg4+ Kh8 20. Bxb7 Qxb7 21. Rxe5
dxc3 22. bxc3 Bf6 23. Rxe6 Bxc3 24. Rc1 Bd4 25. Rc2 Qf3 26. Qxf3 Rxf3 27. Re7
Rcf8 28. Rxa7 Bxf2+ 29. Kg2 Rxg3+ 30. Kh2 Rxd3 31. Re2 Bxh4 32. a4 Rf2+ 33. Rxf2
Bxf2 34. Kg2 Bd4 35. Ra6 Rb3 36. Ra7 c4 37. Rd7 Bc5 38. a5 bxa5 39. Rc7 Rb5 40.
Kf3 a4 41. Ra7 Bxa7 {White resigns} 0-1  aics%

[Event "Team 45 45 League T30"]
[Site "Internet Chess Club"]
[Date "2006.03.25"]
[Round "1"]
[White "BorgCollective"]
[Black "Rainbird"]
[Result "1/2-1/2"]
[WhiteElo "1776"]
[BlackElo "1668"]
[TimeControl "2700+45"]

1. f4 d5 2. Nf3 Bg4 3. e3 Nd7 4. Be2 Bxf3 5. Bxf3 c6 6. O-O Ngf6 7. b3 e5 8.
fxe5 Nxe5 9. Bb2 Bd6 10. d3 Qe7 11. c4 Nxf3+ 12. Qxf3 Be5 13. Bxe5 Qxe5 14. Nd2
O-O 15. e4 Qd4+ 16. Kh1 dxe4 17. Nxe4 Nxe4 18. dxe4 Rae8 19. Rad1 Qxe4 20. Qxe4
Rxe4 21. Rd7 Re2 22. a4 f6 23. Rxb7 Rf7 24. Rb8+ Rf8 25. Rb7 Rf7 26. Rb8+ Rf8
27. Rb7 {Game drawn by repetition} 1/2-1/2  aics%

[Event "Team 45 45 League T30"]
[Site "Internet Chess Club"]
[Date "2006.03.26"]
[Round "1"]
[White "Boromir"]
[Black "fledermaus"]
[Result "1/2-1/2"]
[WhiteElo "1889"]
[BlackElo "2006"]
[TimeControl "2700+45"]

1. e4 Nf6 2. e5 Nd5 3. d4 d6 4. Nf3 Bg4 5. Be2 e6 6. O-O Be7 7. h3 Bh5 8. c4 Nb6
9. exd6 cxd6 10. b3 O-O 11. Bb2 Bf6 12. Nc3 Nc6 13. Ne4 Be7 14. d5 exd5 15. cxd5
Bxf3 16. Bxf3 Ne5 17. Bxe5 dxe5 18. d6 Bf6 19. Rc1 Rc8 20. Bg4 Rxc1 21. Qxc1 Bh4
22. Be2 f5 23. Nc5 Qxd6 {Game drawn by mutual agreement} 1/2-1/2  aics%

[Event "Team 45 45 League T30"]
[Site "Internet Chess Club"]
[Date "2006.03.30"]
[Round "1"]
[White "Winclick"]
[Black "martineden"]
[Result "0-1"]
[WhiteElo "1763"]
[BlackElo "1895"]
[TimeControl "2700+45"]

1. d4 d5 2. c4 e6 3. Nc3 Nf6 4. cxd5 Nxd5 5. e4 Nxc3 6. bxc3 c5 7. Ba3 Qa5 8.
Qb3 cxd4 9. Qb5+ Qxb5 10. Bxb5+ Bd7 11. Bxd7+ Nxd7 12. Bxf8 Rxf8 13. cxd4 Ke7
14. Nf3 Nf6 15. e5 Nd5 16. Kd2 b5 17. Ng5 f6 18. exf6+ gxf6 19. Ne4 Rac8 20.
Rac1 b4 21. Rhe1 Rxc1 22. Rxc1 Rb8 23. Nc5 a5 24. Kc2 Nc3 25. a3 Ne2 26. Rb1
Nxd4+ 27. Kd3 Rd8 28. axb4 axb4 29. Kc4 Nc6 30. Rb2 Rd5 31. Na6 Ne5+ 32. Kb3
Rd3+ 33. Kxb4 Rd6 34. Nc5 Rb6+ 35. Kc3 Rxb2 36. Kxb2 Ng4 37. f3 Nxh2 38. Kc3 Nf1
39. Kd3 Ng3 40. Ne4 Nxe4 41. Kxe4 Kf7 42. Kf4 Kg6 43. g4 h5 44. gxh5+ Kxh5 45.
Kg3 Kg5 46. f4+ Kh5 47. Kh3 Kg6 48. Kg4 Kf7 49. Kf3 Ke7 50. Ke4 Kd6 51. Kd3 Kd5
52. Ke3 e5 53. fxe5 Kxe5 54. Kf3 Kf5 55. Ke3 Kg4 56. Kf2 Kf4 57. Kf1 Kf3 58. Kg1
f5 59. Kf1 f4 60. Kg1 Ke2 61. Kg2 f3+ 62. Kg1 f2+ 63. Kg2 f1=Q+ 64. Kg3 Qf5 65.
Kg2 Qg4+ 66. Kh1 Kf2 67. Kh2 Qg2# {White checkmated} 0-1  aics%

[Event "Team 45 45 League T30"]
[Site "Internet Chess Club"]
[Date "2006.03.27"]
[Round "1"]
[White "mickeys"]
[Black "Sean"]
[Result "1-0"]
[WhiteElo "1698"]
[BlackElo "1692"]
[TimeControl "2700+45"]

1. d4 Nf6 2. Nf3 g6 3. c4 Bg7 4. Nc3 O-O 5. e4 d6 6. Be2 e5 7. dxe5 dxe5 8. Qxd8
Rxd8 9. Bg5 Nc6 10. Bxf6 Bxf6 11. Nd5 Bg7 12. Nxc7 Rb8 13. Nd5 Nd4 14. Nxd4 exd4
15. Rd1 Be6 16. Nf4 Bd7 17. Nd5 Re8 18. Bd3 f5 19. f3 fxe4 20. Bxe4 Bf5 21. Nc7
Re7 22. Nd5 Re6 23. Nc7 Re7 24. Nd5 Ree8 25. Nc7 Rec8 26. Nb5 Rxc4 27. Bd5+ Kh8
28. Bxc4 Re8+ 29. Kf2 Bc2 30. Rde1 Rc8 31. Nd6 Rd8 32. Nf7+ Kg8 33. Nxd8+ Kf8
34. Ne6+ Kf7 35. Nxd4+ Kf8 36. Nxc2 Bd4+ 37. Nxd4 h5 38. Re2 a6 39. Rhe1 Kg7 40.
Re7+ Kh6 41. R1e6 b5 42. Bd3 h4 43. Rxg6+ Kh5 44. Rh7# {Black checkmated} 1-0 
aics%

[Event "Team 45 45 League T30"]
[Site "Internet Chess Club"]
[Date "2006.03.25"]
[Round "1"]
[White "bmw2002"]
[Black "pokerram"]
[Result "1-0"]
[WhiteElo "1586"]
[BlackElo "1659"]
[TimeControl "2700+45"]

1. c4 Nf6 2. Nc3 g6 3. g3 Bg7 4. Bg2 O-O 5. d3 d6 6. e4 e5 7. Nge2 c5 8. O-O Nc6
9. a3 Bg4 10. h3 Bxe2 11. Nxe2 Nd4 12. b4 Nxe2+ 13. Qxe2 Nd7 14. Rb1 a5 15. Be3
axb4 16. axb4 Qc7 17. bxc5 dxc5 18. Rb5 b6 19. Rfb1 Ra3 20. h4 Rfa8 21. Bh3 Ra2
22. Qd1 Nf6 23. Rxb6 Nh5 24. Rb7 Qd6 25. Kg2 f5 26. R1b6 Qf8 27. exf5 Nxg3 28.
Kxg3 gxf5 29. f4 Bf6 30. Qh5 exf4+ 31. Bxf4 Bg7 32. Bxf5 h6 33. Qg6 {Black
resigns} 1-0  aics%

[Event "Team 45 45 League T30"]
[Site "Internet Chess Club"]
[Date "2006.03.25"]
[Round "1"]
[White "Hazy"]
[Black "MrShaw"]
[Result "1-0"]
[WhiteElo "1803"]
[BlackElo "1733"]
[TimeControl "2700+45"]

1. e4 e6 2. d4 d5 3. Nd2 Nf6 4. e5 Nfd7 5. f4 c5 6. c3 Nc6 7. Ne2 cxd4 8. cxd4
f6 9. g3 fxe5 10. fxe5 Be7 11. Bh3 Ndxe5 12. dxe5 Nxe5 13. O-O Qb6+ 14. Kg2 Bd7
15. Nf3 Nxf3 16. Rxf3 O-O-O 17. Bf4 g5 18. Rc1+ Bc5 19. Be5 Rhg8 20. Qd4 g4 21.
Rxc5+ Bc6 22. Rxc6+ bxc6 23. Qxb6 axb6 24. Rf7 gxh3+ 25. Kxh3 Rd7 26. Rf6 Rg6
27. Rf2 Rg5 28. Rf8+ Kb7 29. Bf4 Rf5 30. Rb8+ Ka6 31. Re8 d4 32. Nc1 e5 33. Kg4
Rff7 34. Rxe5 d3 35. Nb3 c5 36. Nd2 Rde7 37. Re4 b5 38. b3 Rxe4 39. Nxe4 c4 40.
Kf3 Kb6 41. Ke3 Re7 42. Kd4 Kc6 43. bxc4 bxc4 44. Nc3 Rd7+ 45. Kxc4 d2 46. Nd1
Kb6 47. Kc3 Kc5 48. Bxd2 Ra7 {Black resigns} 1-0  aics%

[Event "Team 45 45 League T30"]
[Site "Internet Chess Club"]
[Date "2006.03.27"]
[Round "1"]
[White "Chessnut"]
[Black "andy4226uk"]
[Result "1/2-1/2"]
[WhiteElo "1824"]
[BlackElo "1804"]
[TimeControl "2700+45"]

1. e4 c5 2. Nf3 Nc6 3. d4 cxd4 4. Nxd4 Nf6 5. Nc3 e5 6. Nb3 Bb4 7. Bd2 Bxc3 8.
Bxc3 Nxe4 9. Qg4 Ng5 10. f4 exf4 11. Bxg7 Qe7+ 12. Qe2 Rg8 13. Bf6 Qxe2+ 14.
Bxe2 Ne4 15. Bh4 Ne5 16. Bd3 Nxd3+ 17. cxd3 Rg4 18. dxe4 Rxh4 19. O-O d6 {Game
drawn by mutual agreement} 1/2-1/2  aics%